[Event "Titled Tuesday Blitz May 16 Late 2023"]
[White "Quispe Arteaga, Gabriel"]
[Black "Spitzl, Vinzent"]
[WhiteFideId "32059809"]
[BlackFideId "12901253"]
[WhiteElo "2274"]
[BlackElo "2225"]
[Result "1-0"]
[Round "02"]
[TimeControl "180+2"]
[Date "2023.05.16"]
[WhiteClock "0:00:32"]
[BlackClock "0:00:24"]

1. c4 e6 2. Nc3 d5 3. d4 Bb4 4. e3 Nf6 5. Bd3 O-O 6. Ne2 Nbd7 7. O-O c5 8. cxd5 exd5 9. a3 Bxc3 10. Nxc3 b6 11. b4 c4 12. Bc2 Bb7 13. a4 Ne4 14. Bb2 Ndf6 15. f3 Nxc3 16. Bxc3 Re8 17. Qd2 Qc7 18. Rae1 a6 19. Qf2 b5 20. g4 Re7 21. Qg3 Qc6 22. a5 Rae8 23. Qf4 Nd7 24. e4 dxe4 25. fxe4 Qg6 26. d5 Bxd5 27. exd5 Qxc2 28. Rxe7 Rxe7 29. d6 Qxc3 30. dxe7 Nf6 31. Qb8+ 1-0


[Site "https://www.chess.com"]

[Event "Titled Tuesday Blitz May 16 Late 2023"]
[White "Kleiman, Jake"]
[Black "Riehle, Marco"]
[WhiteFideId "2020041"]
[BlackFideId "12904392"]
[WhiteElo "2569"]
[BlackElo "2462"]
[Result "1/2-1/2"]
[Round "02"]
[TimeControl "180+2"]
[Date "2023.05.16"]
[WhiteClock "0:00:10"]
[BlackClock "0:00:15"]

1. e4 e5 2. Nf3 Nf6 3. Nxe5 Nxe4 4. Qe2 Qe7 5. Qxe4 d6 6. d4 dxe5 7. Qxe5 Qxe5+ 8. dxe5 Bf5 9. Bb5+ Nd7 10. Be3 c6 11. Be2 Nxe5 12. Bd4 Bd6 13. c3 O-O-O 14. O-O Rhe8 15. Nd2 c5 16. Be3 Ng4 17. Nc4 Nxe3 18. Nxe3 Bg6 19. Bf3 Be4 20. Bxe4 Rxe4 21. Rad1 g6 22. Rfe1 Bf4 23. Rxd8+ Kxd8 24. Rd1+ Kc8 25. Nd5 Be5 26. Kf1 h5 27. g3 h4 28. b3 hxg3 29. hxg3 Bg7 30. Rd2 b5 31. f3 Re8 32. Kf2 Kb7 33. f4 a6 34. Kf3 Rd8 35. c4 Re8 36. Re2 Rxe2 37. Kxe2 Kc6 38. Kd3 a5 39. a4 bxc4+ 40. bxc4 Kd6 41. Ke4 f5+ 42. Kf3 Bd4 43. Nb6 Bc3 44. Nd5 Bd4 45. g4 Ke6 46. g5 Bb2 47. Nb6 Bd4 48. Nd5 Bb2 49. Ne3 Bc1 50. Nd1 Bd2 51. Nb2 Bc3 52. Nd3 Bd4 53. Ke2 Kd6 54. Ne1 Ke6 55. Nf3 Bb2 56. Kd2 Ba3 57. Kc2 Kf7 58. Ne5+ Kg7 59. Nd3 Kf7 60. Kb3 Bb4 61. Kc2 Kg7 62. Kd1 Kf7 63. Ke2 Kg7 64. Ne5 Bc3 65. Nd7 Bb4 66. Kd3 Kf7 67. Nf6 Ba3 68. Nd5 Ke6 69. Nc7+ Kf7 70. Nb5 Bc1 71. Nd6+ Ke7 72. Nb7 Bxf4 73. Nxa5 Bxg5 74. Nb7 Bh4 75. a5 Kd7 76. a6 Kc6 77. Nxc5 Kb6 78. Ne6 Kxa6 79. Ke3 g5 80. Kf3 Kb6 81. Nd4 f4 82. Nf5 Be1 83. Kg4 Bd2 84. Nd4 Kc5 85. Nf3 Be3 86. Nxg5 Kxc4 87. Nf3 Kd3 88. Nh4 Ke4 89. Nf3 Bf2 90. Ng5+ Ke3 91. Nf3 Be1 92. Ng5 Bc3 93. Nf3 Bf6 94. Nh2 Be7 95. Nf3 Bd8 96. Nh2 Bc7 97. Nf3 Kf2 98. Nd4 Kg2 99. Nf3 Kf1 100. Nh4 Kf2 101. Nf3 Ke3 102. Ng5 Bd8 103. Nf3 Bf6 104. Nh2 Bc3 105. Nf3 Bd2 106. Nxd2 Kxd2 107. Kxf4 1/2-1/2


[Site "https://www.chess.com"]

[Event "Titled Tuesday Blitz May 16 Late 2023"]
[White "koncheto"]
[Black "Bordi, Kevin"]
[BlackFideId "621862"]
[WhiteElo "2569"]
[BlackElo "2803"]
[Result "0-1"]
[Round "02"]
[TimeControl "180+2"]
[Date "2023.05.16"]
[WhiteClock "0:01:57"]
[BlackClock "0:02:33"]

1. e4 d5 2. exd5 Qxd5 3. Nc3 Qa5 4. d4 Nf6 5. Nf3 c6 6. Bc4 Bf5 7. Ne5 e6 8. g4 Bg6 9. h4 Nbd7 10. Bf4 Bb4 11. Rh3 Nxe5 12. Bxe5 h5 13. g5 Ne4 14. Qf3 O-O 15. Kf1 Nd2+ 0-1


[Site "https://www.chess.com"]

[Event "Titled Tuesday Blitz May 16 Late 2023"]
[White "Mahdavi, Reza"]
[Black "Domingo Nunez, Alejandro"]
[WhiteFideId "12595926"]
[BlackFideId "22245561"]
[WhiteElo "2352"]
[BlackElo "2291"]
[Result "0-1"]
[Round "02"]
[TimeControl "180+2"]
[Date "2023.05.16"]
[WhiteClock "0:00:10"]
[BlackClock "0:00:18"]

1. e4 g6 2. d4 Bg7 3. Nc3 c6 4. f4 d5 5. e5 f6 6. Nf3 Nh6 7. h3 Nf5 8. Ne2 h5 9. g3 c5 10. c3 Nc6 11. Kf2 cxd4 12. cxd4 Qb6 13. Kg2 Be6 14. a3 O-O-O 15. b4 Kb8 16. Rb1 g5 17. b5 g4 18. Ne1 Ncxd4 19. Nxd4 Qxd4 20. Qxd4 Nxd4 21. exf6 Bxf6 22. hxg4 hxg4 23. Rxh8 Rxh8 24. Be3 Nf5 25. Bf2 d4 26. Kg1 Ne3 27. Bxe3 dxe3 28. Rd1 Bc3 29. Ng2 Bd2 30. Be2 Bf5 31. Nh4 e6 32. Nxf5 exf5 33. Bd3 Kc7 34. Kf1 Rh1+ 35. Ke2 Rh2+ 36. Kf1 Rf2+ 37. Kg1 Rf3 38. Kg2 Rf2+ 39. Kg1 e2 40. Bxe2 Rxe2 41. Kf1 Re1+ 42. Rxe1 Bxe1 43. Kxe1 Kb6 44. Kd2 Kxb5 45. Kd3 Kc5 46. Kc3 b5 47. Kb3 a5 48. Kc3 Kd5 49. Kd3 b4 50. a4 Kc5 51. Kd2 Kd4 52. Kc2 Kc4 53. Kb2 Kd4 54. Kb3 Kd3 55. Kb2 Kc4 56. Ka2 Kc3 57. Ka1 Kb3 58. Kb1 Kxa4 59. Kc2 Kb5 60. Kd3 Kc5 0-1


[Site "https://www.chess.com"]

[Event "Titled Tuesday Blitz May 16 Late 2023"]
[White "Danielyan, Vahe"]
[Black "Holt, Conrad"]
[WhiteFideId "13304828"]
[BlackFideId "2034387"]
[WhiteElo "2423"]
[BlackElo "2592"]
[Result "0-1"]
[Round "02"]
[TimeControl "180+2"]
[Date "2023.05.16"]
[WhiteClock "0:02:12"]
[BlackClock "0:01:45"]

1. d4 d5 2. c4 c6 3. Nc3 dxc4 4. Nf3 Nf6 5. a4 Bf5 6. Ne5 Nbd7 7. Nxc4 Nb6 8. Ne5 a5 9. g3 e6 10. Bg2 Bb4 11. O-O O-O 12. Qb3 Qxd4 13. Nf3 Qc4 14. Nd2 Qxb3 15. Nxb3 Rfd8 16. e4 Bg6 17. e5 Nfd7 18. f4 Nc4 19. g4 Bd3 20. Rf3 Bc2 21. Nd4 Bc5 22. Be3 Nxe3 0-1


[Site "https://www.chess.com"]

[Event "Titled Tuesday Blitz May 16 Late 2023"]
[White "Boyer, Mahel"]
[Black "Romkachess"]
[WhiteFideId "45102422"]
[WhiteElo "2439"]
[BlackElo "2561"]
[Result "1-0"]
[Round "02"]
[TimeControl "180+2"]
[Date "2023.05.16"]
[WhiteClock "0:00:44"]
[BlackClock "0:00:27"]

1. Nf3 Nf6 2. c4 e6 3. g3 b6 4. Bg2 Bb7 5. O-O Be7 6. b3 O-O 7. Bb2 c5 8. d4 cxd4 9. Qxd4 Nc6 10. Qf4 Qb8 11. Qxb8 Raxb8 12. Nc3 Nb4 13. Rfd1 d5 14. a3 Na6 15. cxd5 Nxd5 16. Nxd5 Bxd5 17. b4 Rbc8 18. Rac1 Bf6 19. Bxf6 gxf6 20. Nd4 Bxg2 21. Kxg2 Rfd8 22. Nb5 Rxd1 23. Rxc8+ Kg7 24. Ra8 Rd5 25. Rxa7 Nxb4 26. Nc7 Nc6 27. Nxe6+ Kg6 28. Nf4+ Kf5 29. Nxd5 Nxa7 30. Nxb6 Ke5 31. Kf3 f5 32. a4 Nc6 33. Nc4+ Kd4 34. Nd6 Ke5 35. Nxf7+ Kf6 36. Nd6 1-0


[Site "https://www.chess.com"]

[Event "Titled Tuesday Blitz May 16 Late 2023"]
[White "Mortazavi, Ali"]
[Black "Makridis, Dimitrios"]
[WhiteFideId "401323"]
[BlackFideId "25864475"]
[WhiteElo "2339"]
[BlackElo "2277"]
[Result "0-1"]
[Round "02"]
[TimeControl "180+2"]
[Date "2023.05.16"]
[WhiteClock "0:00:00"]
[BlackClock "0:00:04"]

1. Nf3 Nf6 2. g3 g6 3. Bg2 Bg7 4. O-O O-O 5. d3 d6 6. e4 Nbd7 7. Nc3 c5 8. a4 Ng4 9. h3 Nge5 10. Nh2 Nc6 11. f4 e6 12. Kh1 Nd4 13. Nb5 Nf6 14. c3 Nxb5 15. axb5 Nh5 16. Qe1 Bd7 17. g4 Nf6 18. e5 dxe5 19. fxe5 Nd5 20. g5 Bxb5 21. c4 Nb4 22. cxb5 Nc2 23. Qh4 Nxa1 24. Ng4 Qd4 25. Bf4 Nc2 26. Be4 c4 27. Nf6+ Bxf6 28. gxf6 Kh8 29. Bh6 cxd3 30. Bg7+ Kg8 31. Rf4 h5 32. Qg5 d2 33. Bf3 d1=Q+ 34. Bxd1 Qxd1+ 35. Kg2 Ne3+ 36. Kg3 Qg1+ 37. Kh4 Ng2+ 38. Qxg2 Qxg2 39. Bh6 Kh7 40. Bg5 Rad8 41. b4 Rd3 42. Rf3 Rxf3 0-1


[Site "https://www.chess.com"]

[Event "Titled Tuesday Blitz May 16 Late 2023"]
[White "AyMitecK"]
[Black "Remizov, Yaroslav"]
[BlackFideId "34134015"]
[WhiteElo "2556"]
[BlackElo "2400"]
[Result "0-1"]
[Round "02"]
[TimeControl "180+2"]
[Date "2023.05.16"]
[WhiteClock "0:00:22"]
[BlackClock "0:00:09"]

1. e4 c5 2. Nf3 e6 3. Nc3 Nc6 4. d4 cxd4 5. Nxd4 Nf6 6. Be3 Bb4 7. Nxc6 bxc6 8. Qd4 c5 9. Qc4 d5 10. exd5 exd5 11. Qe2 O-O 12. a3 Bxc3+ 13. bxc3 d4 14. Rd1 Qa5 15. Bd2 Re8 16. cxd4 Rxe2+ 17. Bxe2 Qxa3 18. dxc5 Bb7 19. O-O Qxc5 20. Be3 Qxc2 21. Rd2 Qg6 22. f3 Re8 23. Bxa7 Qg5 24. Rb2 Bc6 25. Rc2 Ba4 26. Ra2 Bb3 27. Rb2 Qe5 28. Rfb1 h5 29. Bf1 Be6 30. Re2 Qc7 31. Bb6 Qd6 32. Bf2 Nd5 33. Rd1 Rc8 34. Red2 Qc6 35. h3 Kh7 36. Bd3+ g6 37. Be4 Rd8 38. Bh4 Rd7 39. Kh1 Qc4 40. Rd4 Qc5 41. Bf2 Qa5 42. Be1 Qb5 43. Bf2 Nc3 44. Re1 Rxd4 45. Bxd4 Nxe4 46. Rxe4 Qd3 47. Bf6 Qd5 48. Rd4 Qc5 49. Rd8 Qc1+ 50. Rd1 Qxd1+ 51. Kh2 Qd6+ 52. Be5 Qxe5+ 53. f4 Qxf4+ 54. g3 Qf2+ 55. Kh1 Bd5# 0-1


[Site "https://www.chess.com"]

[Event "Titled Tuesday Blitz May 16 Late 2023"]
[White "Yanchenko, Roman"]
[Black "Ravuri, Vinesh"]
[WhiteFideId "4137329"]
[BlackFideId "45042632"]
[WhiteElo "2491"]
[BlackElo "2066"]
[Result "0-1"]
[Round "02"]
[TimeControl "180+2"]
[Date "2023.05.16"]
[WhiteClock "0:00:07"]
[BlackClock "0:00:11"]

1. d4 Nf6 2. c4 b6 3. Nf3 Bb7 4. g3 e6 5. Bg2 Be7 6. O-O O-O 7. Nc3 d6 8. b3 Nbd7 9. Bb2 Ne4 10. Rc1 f5 11. d5 e5 12. Nxe4 fxe4 13. Nd2 e3 14. fxe3 Bg5 15. Rc3 Nc5 16. Bc1 Qe7 17. b4 Rxf1+ 18. Bxf1 Nd7 19. e4 Rf8 20. Rf3 Nf6 21. Bg2 Ng4 22. Nf1 Bxc1 23. Qxc1 h6 24. Ne3 Nxe3 25. Qxe3 Rf6 26. Bh3 g5 27. Bf5 Kg7 28. h4 Rf8 29. hxg5 Qxg5 30. Qxg5+ hxg5 31. c5 Ba6 32. Kf2 Bc4 33. Rc3 Bxd5 34. exd5 Rxf5+ 35. Ke3 Rf1 36. cxd6 cxd6 37. Rc7+ Kf6 38. Rd7 Rb1 39. g4 Rxb4 40. Rxd6+ Ke7 41. Re6+ Kd7 42. Rxe5 Rxg4 43. Kd3 Kd6 44. Rf5 a5 45. e4 Rg1 46. Rf6+ Kd7 47. Rxb6 g4 48. e5 g3 49. Rb7+ Kc8 50. Rg7 g2 51. Ke2 Ra1 52. Rg8+ Kb7 53. Rxg2 Rxa2+ 54. Kf3 Rxg2 55. Kxg2 a4 56. Kf3 a3 57. Ke4 a2 58. e6 a1=Q 59. Kf5 Kc7 0-1


[Site "https://www.chess.com"]

[Event "Titled Tuesday Blitz May 16 Late 2023"]
[White "Haszon, David"]
[Black "Hayrapetyan, Hovik"]
[WhiteFideId "733610"]
[BlackFideId "13302639"]
[WhiteElo "2210"]
[BlackElo "2348"]
[Result "0-1"]
[Round "02"]
[TimeControl "180+2"]
[Date "2023.05.16"]
[WhiteClock "0:00:09"]
[BlackClock "0:00:52"]

1. d4 Nf6 2. Bf4 d5 3. e3 c5 4. Nd2 Nc6 5. Ngf3 Bg4 6. c3 e6 7. Qb3 Qb6 8. Ne5 Bf5 9. Bb5 Rc8 10. O-O Be7 11. h3 O-O 12. g4 Bg6 13. g5 Nh5 14. Nd7 Qd8 15. Nxf8 Kxf8 16. Bxc6 bxc6 17. h4 Nxf4 18. exf4 Qc7 19. c4 Qxf4 20. Qe3 Qg4+ 21. Qg3 Qxd4 22. Rfd1 Bh5 23. Nb3 Qxc4 24. Rdc1 Qb4 25. a3 Qb5 26. Qc3 c4 27. Nd4 Qb6 28. b4 c5 29. bxc5 Bxc5 30. Nc2 Bxf2+ 31. Kg2 Bc5 32. Rab1 Qd6 33. Rb7 d4 34. Qg3 Qd5+ 0-1


[Site "https://www.chess.com"]

[Event "Titled Tuesday Blitz May 16 Late 2023"]
[White "Fernandez Guillen, Ernesto J."]
[Black "Plotnikov, Pavel"]
[WhiteFideId "3512428"]
[BlackFideId "4170342"]
[WhiteElo "2429"]
[BlackElo "2298"]
[Result "1-0"]
[Round "02"]
[TimeControl "180+2"]
[Date "2023.05.16"]
[WhiteClock "0:00:18"]
[BlackClock "0:00:00"]

1. e4 e6 2. Nf3 d5 3. Nc3 Nf6 4. e5 Ng8 5. d4 c5 6. Ne2 cxd4 7. Nexd4 Ne7 8. Bd3 Nbc6 9. c3 Nf5 10. O-O Be7 11. Re1 Ncxd4 12. Nxd4 Nxd4 13. cxd4 O-O 14. Re3 g6 15. Rh3 Re8 16. Qf3 f5 17. exf6 Bxf6 18. Rxh7 Kxh7 19. Qh5+ Kg8 20. Qxg6+ Kf8 21. Bh6+ Ke7 22. Rc1 Rh8 23. Bg7 Bxg7 24. Qxg7+ Kd6 25. Qe5+ Ke7 26. Rc7+ Qxc7 27. Qxc7+ Bd7 28. Bb5 Rhd8 29. Bxd7 Rxd7 30. Qf4 Rc8 31. h4 Rf8 32. Qg5+ Kd6 33. h5 Rdf7 34. Qe5+ Kd7 35. Qe3 Rf5 36. g4 Rf4 37. Qg3 Rxd4 38. h6 Rg8 39. g5 Re4 40. h7 Rh8 41. g6 1-0


[Site "https://www.chess.com"]

[Event "Titled Tuesday Blitz May 16 Late 2023"]
[White "Potapova, Margarita"]
[Black "Hambleton, Aman"]
[WhiteFideId "14126869"]
[BlackFideId "2606577"]
[WhiteElo "2244"]
[BlackElo "2511"]
[Result "0-1"]
[Round "02"]
[TimeControl "180+2"]
[Date "2023.05.16"]
[WhiteClock "0:00:21"]
[BlackClock "0:00:10"]

1. d4 Nf6 2. c4 e6 3. g3 c5 4. Nf3 cxd4 5. Nxd4 a6 6. Bg2 Qc7 7. Nc3 d6 8. O-O Be7 9. Be3 O-O 10. Rc1 Rd8 11. Na4 Ng4 12. Bd2 Nd7 13. Nb3 Rb8 14. Bf4 Nge5 15. Qc2 b6 16. Be3 Bb7 17. f3 Rbc8 18. Nd2 b5 19. f4 Ng4 20. Bxb7 Qxb7 21. Qb3 Nxe3 22. Qxe3 bxa4 23. b3 axb3 24. axb3 d5 25. Qf3 Nc5 26. f5 dxc4 27. Qg4 Rxd2 28. f6 Bf8 29. Rxc4 g6 30. Qf4 Rcd8 31. Re1 Qd5 32. h4 Nxb3 33. Rc7 Qd6 34. Qc4 Qd4+ 35. Qxd4 Nxd4 36. Kf2 Nxe2 37. Rxe2 Rxe2+ 38. Kxe2 Ra8 39. Rc4 a5 40. Ra4 h5 41. Kf3 Bb4 42. g4 hxg4+ 43. Kxg4 Rd8 44. h5 gxh5+ 45. Kxh5 Rd5+ 46. Kg4 Rf5 47. Ra2 Rxf6 48. Rc2 Kg7 49. Rc8 Rf5 50. Rc1 Rc5 51. Rg1 Kf6 52. Kf3 Rf5+ 53. Ke4 Rd5 54. Rf1+ Ke7 55. Rh1 Rd8 56. Rh7 Ra8 57. Rh8 Rxh8 0-1


[Site "https://www.chess.com"]

[Event "Titled Tuesday Blitz May 16 Late 2023"]
[White "Chen, Ryo"]
[Black "Janaszak, Dawid"]
[WhiteFideId "7003072"]
[BlackFideId "1119206"]
[WhiteElo "2169"]
[BlackElo "2220"]
[Result "0-1"]
[Round "02"]
[TimeControl "180+2"]
[Date "2023.05.16"]
[WhiteClock "0:00:08"]
[BlackClock "0:00:39"]

1. e4 c5 2. Nf3 Nc6 3. d4 cxd4 4. Nxd4 g6 5. Nc3 Bg7 6. Nb3 Nf6 7. Be2 O-O 8. O-O b6 9. Bg5 d6 10. Qd2 Bb7 11. Bh6 Rc8 12. Rad1 Ne5 13. Bxg7 Kxg7 14. f4 Ned7 15. Qe3 Qc7 16. Bf3 e5 17. f5 Nc5 18. g4 h6 19. h4 Nxb3 20. axb3 gxf5 21. exf5 e4 22. Be2 Qc5 23. Qxc5 dxc5 24. g5 hxg5 25. hxg5 Nh7 26. f6+ Kg6 27. Bg4 Nxg5 28. Bf5+ Kh6 29. Kf2 e3+ 30. Kxe3 Rce8+ 31. Kf4 Ne6+ 32. Kg3 Rg8+ 33. Kf2 Rg2+ 34. Ke3 Nd4+ 35. Kd3 Ba6+ 36. Nb5 Bxb5+ 0-1


[Site "https://www.chess.com"]

[Event "Titled Tuesday Blitz May 16 Late 2023"]
[White "Sivakumar, Shaaketh"]
[Black "Trost, Edvin"]
[WhiteFideId "30940176"]
[BlackFideId "1729519"]
[WhiteElo "2174"]
[BlackElo "2368"]
[Result "0-1"]
[Round "02"]
[TimeControl "180+2"]
[Date "2023.05.16"]
[WhiteClock "0:00:49"]
[BlackClock "0:00:34"]

1. e4 g6 2. d4 Nf6 3. Nc3 d5 4. e5 Ne4 5. Bd3 Nxc3 6. bxc3 c5 7. f4 Nc6 8. Nf3 Bg4 9. Be3 c4 10. Be2 Qa5 11. Qd2 h5 12. h3 Bxf3 13. Bxf3 h4 14. O-O e6 15. Rab1 b6 16. Bf2 Be7 17. Rb2 Ba3 18. Rbb1 O-O-O 19. Qe3 Kb8 20. Be2 Rd7 21. Qf3 Qa4 22. Bd1 Kb7 23. Kh2 a6 24. g4 hxg3+ 25. Kxg3 Ne7 26. Qe2 Nf5+ 27. Kg2 Rdd8 28. Qd2 Rh7 29. Bg4 Rdh8 30. Bxf5 gxf5 31. h4 Be7 32. Rh1 Bxh4 33. Bxh4 Rxh4 34. Rxh4 Rxh4 35. Kf3 Qxa2 36. Rg1 Qa3 37. Rg7 Qf8 38. Qg2 Rg4 39. Rxg4 fxg4+ 40. Qxg4 a5 41. f5 a4 42. Ke2 a3 43. fxe6 a2 44. exf7 a1=Q 45. Qd7+ Ka6 46. e6 Qaa3 47. Kd2 Qad6 48. Qa4+ Kb7 49. Qe8 Qf4+ 50. Kd1 Qf1+ 51. Kd2 Qh6# 0-1


[Site "https://www.chess.com"]

[Event "Titled Tuesday Blitz May 16 Late 2023"]
[White "Richter, Paul"]
[Black "Smirnov, Pavel"]
[WhiteFideId "2046350"]
[BlackFideId "4123425"]
[WhiteElo "2543"]
[BlackElo "2520"]
[Result "0-1"]
[Round "02"]
[TimeControl "180+2"]
[Date "2023.05.16"]
[WhiteClock "0:00:00"]
[BlackClock "0:00:50"]

1. e4 e5 2. Nf3 Nc6 3. Bb5 a6 4. Ba4 Nf6 5. d3 b5 6. Bb3 Be7 7. O-O O-O 8. Re1 d6 9. c3 Na5 10. Bc2 c5 11. Nbd2 h6 12. Nf1 Re8 13. Ng3 Nc6 14. h3 Be6 15. Bb3 Bf8 16. Nh2 d5 17. exd5 Nxd5 18. Ng4 f5 19. Nxe5 Na5 20. Bc2 f4 21. Nh5 Bf5 22. Nxf4 Nf6 23. Qf3 Bd6 24. b4 cxb4 25. cxb4 Rxe5 26. Bb2 Rxe1+ 27. Rxe1 Bxb4 28. Re5 Bh7 29. Ne6 Qd6 30. Qxa8+ Kf7 31. Nd8+ Kg8 32. Nb7+ Qf8 33. Qxf8+ Kxf8 34. Nxa5 Bxa5 35. Re6 Nd5 36. Rxa6 Bc7 37. Ra7 Bb6 38. Ra8+ Ke7 39. Bb3 Nf4 40. Bxg7 Bxd3 41. Bxh6 Ne2+ 42. Kh2 Bxf2 0-1


[Site "https://www.chess.com"]

[Event "Titled Tuesday Blitz May 16 Late 2023"]
[White "Schmakel, Sam"]
[Black "Huber, Benedikt"]
[WhiteFideId "2039311"]
[BlackFideId "12923583"]
[WhiteElo "2356"]
[BlackElo "2215"]
[Result "1-0"]
[Round "02"]
[TimeControl "180+2"]
[Date "2023.05.16"]
[WhiteClock "0:00:02"]
[BlackClock "0:00:00"]

1. d4 e6 2. c4 f5 3. Nf3 Nf6 4. g3 Be7 5. Bg2 O-O 6. O-O d6 7. Nc3 Ne4 8. Qc2 Nxc3 9. bxc3 Bf6 10. e4 Nc6 11. Ba3 e5 12. Rad1 exd4 13. cxd4 fxe4 14. Qxe4 Re8 15. Qf4 Rf8 16. Qe3 Bg4 17. h3 Bh5 18. g4 Bg6 19. c5 Qd7 20. cxd6 cxd6 21. Ne5 Qc7 22. Nxg6 hxg6 23. Qe6+ Qf7 24. Qxf7+ Kxf7 25. Bxd6 Rfd8 26. Bd5+ Ke8 27. Rfe1+ Kd7 28. Bf4 Re8 29. Be3 Rab8 30. Kg2 Nb4 31. Bf7 Re7 32. Bxg6 Nxa2 33. d5 Nc3 34. Rd3 Rd8 35. Rc1 Nb5 36. d6 Nxd6 37. Bxa7 Be5 38. Bb6 Rc8 39. Re1 Rc6 40. Ba5 Kc8 41. Bb4 Re6 42. Rxe5 Rxe5 43. Rxd6 Rxd6 44. Bxd6 Rd5 45. Bf5+ Kd8 46. Bf4 b5 47. Kf3 b4 48. Ke4 Ra5 49. Bd2 Ke8 50. Kd4 Ra2 51. Bxb4 Rxf2 52. Ke4 Kf7 53. Ke3 Rb2 54. Bd6 Rb3+ 55. Kf4 Rxh3 56. g5 Rh1 57. g6+ Ke8 58. Ke5 Re1+ 59. Kd5 Rd1+ 60. Ke6 Re1+ 61. Be5 Re2 62. Bd3 Re3 63. Bb5+ Kd8 64. Kf5 Ke7 65. Bxg7 Rf3+ 66. Kg4 Rf1 67. Bxf1 1-0


[Site "https://www.chess.com"]

[Event "Titled Tuesday Blitz May 16 Late 2023"]
[White "Loiacono, Antonio"]
[Black "Klukin, Kirill"]
[WhiteFideId "895415"]
[BlackFideId "24199273"]
[WhiteElo "2257"]
[BlackElo "2344"]
[Result "0-1"]
[Round "02"]
[TimeControl "180+2"]
[Date "2023.05.16"]
[WhiteClock "0:00:49"]
[BlackClock "0:01:55"]

1. e4 c5 2. Nf3 Nc6 3. d4 cxd4 4. Nxd4 e5 5. Nb5 d6 6. N5c3 Be7 7. Nd5 Be6 8. Nbc3 Rc8 9. g3 Bg5 10. Bg2 Bxc1 11. Rxc1 Nf6 12. O-O O-O 13. Nxf6+ Qxf6 14. Qxd6 Rfd8 15. Qa3 Nd4 16. Qxa7 b5 17. Rfe1 Ra8 18. Qc5 Rdc8 19. Qd6 Rc6 20. Qb4 Rac8 21. Rf1 Rc4 22. Qd6 b4 23. Nd5 Bxd5 24. Qxf6 gxf6 25. exd5 Ne2+ 26. Kh1 Nxc1 27. Rxc1 Rxc2 28. Rxc2 Rxc2 29. Be4 Rxf2 30. b3 Rxa2 31. g4 Rd2 32. h4 h6 33. h5 Kf8 34. Kg1 Ke7 35. Kf1 Kd6 36. Ke1 Rd4 37. Bf3 e4 38. Be2 Kxd5 39. Kf2 Ke5 40. Ke3 Rd7 41. Bc4 f5 42. gxf5 Kxf5 43. Bf1 Ke5 44. Be2 f5 45. Bb5 f4+ 46. Ke2 Ra7 47. Ba4 Kd4 0-1


[Site "https://www.chess.com"]

[Event "Titled Tuesday Blitz May 16 Late 2023"]
[White "Erzhanov, Arman"]
[Black "Tanenbaum, Zachary"]
[WhiteFideId "4138821"]
[BlackFideId "2060850"]
[WhiteElo "2138"]
[BlackElo "2175"]
[Result "1/2-1/2"]
[Round "02"]
[TimeControl "180+2"]
[Date "2023.05.16"]
[WhiteClock "0:00:15"]
[BlackClock "0:00:09"]

1. e4 e5 2. Nf3 Nc6 3. Bb5 a6 4. Bxc6 dxc6 5. O-O Qd6 6. Na3 Be6 7. Qe2 f6 8. Rd1 c5 9. c3 Bg4 10. h3 Bh5 11. Nc4 Qe6 12. d4 Bxf3 13. gxf3 O-O-O 14. Kg2 exd4 15. cxd4 cxd4 16. Bf4 Ne7 17. Rac1 Nc6 18. Na5 Ne5 19. Bxe5 fxe5 20. Rc4 Bd6 21. Rdc1 Rhf8 22. Qc2 Rf7 23. Qb3 Qg6+ 24. Kf1 c5 25. Rxc5+ Bxc5 26. Rxc5+ Kd7 27. Rxe5 Kc8 28. Rc5+ Kd7 29. Qa4+ Ke7 30. Qb4 Ke8 31. Re5+ Kd7 32. Qxb7+ Kd6 33. Qd5+ Kc7 34. Qc5+ Kd7 35. Qxd4+ Kc8 36. Rc5+ Rc7 37. Rxc7+ Kxc7 38. Qa7+ Kd6 39. Nb7+ Ke7 40. Nxd8+ Kxd8 41. Qb8+ Kd7 42. Qb7+ Kd8 43. Qd5+ Ke7 44. Qe5+ Kd8 45. Qd5+ Kc7 46. Qc5+ Kb7 47. Qe7+ Ka8 48. Qd8+ Kb7 49. Qd7+ Kb8 50. Qd8+ Kb7 51. Qd5+ Kb8 52. b4 Qf6 53. e5 Qf5 54. Qd6+ Kb7 55. Qd5+ Kb8 56. Qe4 Qxh3+ 57. Ke2 Qe6 58. f4 Qxa2+ 59. Kf3 Qb3+ 60. Kg2 g6 61. e6 Qa4 62. e7 Qe8 63. Qe5+ Kc8 64. Kf3 Kd7 65. Kg4 Qxe7 66. Qxe7+ Kxe7 67. Kg5 Kf7 68. Kh6 Kg8 69. f3 Kh8 70. Kg5 Kg7 71. f5 gxf5 72. Kxf5 Kf7 73. Kg5 Ke6 74. Kh6 Kf5 75. Kxh7 Kf4 76. Kg6 Kxf3 77. Kf5 Ke3 78. Ke5 Kd3 79. Kd5 Kc3 80. Kc5 Kb3 81. Kb6 Kxb4 82. Kxa6 1/2-1/2


[Site "https://www.chess.com"]

[Event "Titled Tuesday Blitz May 16 Late 2023"]
[White "Tatarinov, Dmitry"]
[Black "Mirimanian, Hayk"]
[WhiteFideId "24160067"]
[BlackFideId "4700180"]
[WhiteElo "2326"]
[BlackElo "2280"]
[Result "0-1"]
[Round "02"]
[TimeControl "180+2"]
[Date "2023.05.16"]
[WhiteClock "0:00:07"]
[BlackClock "0:00:13"]

1. d4 d6 2. c4 e5 3. Nf3 Nc6 4. Nc3 exd4 5. Nxd4 g6 6. Nd5 Bd7 7. Nb5 Rc8 8. h4 Ne5 9. Nxa7 c6 10. Nxc8 cxd5 11. cxd5 Bxc8 12. h5 Bg7 13. h6 Bf6 14. Bd2 Nd7 15. Qb3 Nc5 16. Qb4 Ne7 17. e4 O-O 18. Rc1 Re8 19. Be3 Nxe4 20. Qxe4 Nf5 21. Qd3 Nxe3 22. fxe3 Bg5 23. Be2 Rxe3 24. Qc4 Bf5 25. O-O Bxh6 26. Rce1 Qb6 27. Kh1 Re4 28. Qc3 Rh4+ 29. Qh3 Bxh3 30. gxh3 Rxh3+ 31. Kg2 Re3 32. b3 Qd4 33. Bf3 Rxe1 34. Rxe1 Be3 35. Re2 f5 36. a4 f4 37. a5 h5 38. b4 Qxb4 39. a6 bxa6 40. Rb2 Qxb2+ 0-1


[Site "https://www.chess.com"]

[Event "Titled Tuesday Blitz May 16 Late 2023"]
[White "Khandelwal, Ankush"]
[Black "Csonka, Balazs"]
[WhiteFideId "413470"]
[BlackFideId "742910"]
[WhiteElo "2263"]
[BlackElo "2404"]
[Result "1-0"]
[Round "02"]
[TimeControl "180+2"]
[Date "2023.05.16"]
[WhiteClock "0:00:02"]
[BlackClock "0:00:01"]

1. e4 c6 2. d4 d5 3. e5 c5 4. Nf3 Nc6 5. c4 cxd4 6. Nxd4 e6 7. Nc3 Bb4 8. Nxc6 bxc6 9. Bd3 Ba6 10. Qa4 Qb6 11. c5 Qxc5 12. Qxa6 Bxc3+ 13. bxc3 Qxc3+ 14. Ke2 Qxe5+ 15. Be3 Ne7 16. Qb7 Rb8 17. Qxa7 O-O 18. Rhb1 Rxb1 19. Rxb1 Nf5 20. Bxf5 Qxf5 21. Rb2 e5 22. Bc5 Re8 23. Kf1 Qd3+ 24. Ke1 Qe4+ 25. Kf1 Qc4+ 26. Re2 f6 27. Qd7 Rb8 28. Qe6+ Kh8 29. f3 Qxc5 30. Re1 Qc4+ 31. Kf2 h6 32. Kg3 Qf4+ 33. Kh3 e4 34. g3 Qxf3 35. Rc1 Qf2 36. Rxc6 Qf1+ 37. Kh4 Qe2 38. Rc8+ Rxc8 39. Qxc8+ Kh7 40. Qe6 Qf3 41. Qxd5 g5+ 42. Kh3 Qf1+ 43. Kg4 Qe2+ 44. Kf5 Qf3+ 45. Ke6 Kg6 46. Ke7 Qf5 47. Qf7# 1-0


[Site "https://www.chess.com"]

[Event "Titled Tuesday Blitz May 16 Late 2023"]
[White "Luo, Terry"]
[Black "Bartel, Mateusz"]
[WhiteFideId "30931045"]
[BlackFideId "1112635"]
[WhiteElo "2265"]
[BlackElo "2521"]
[Result "0-1"]
[Round "02"]
[TimeControl "180+2"]
[Date "2023.05.16"]
[WhiteClock "0:00:11"]
[BlackClock "0:00:16"]

1. d4 d5 2. c4 e6 3. Nf3 c6 4. g3 dxc4 5. Bg2 b5 6. a4 Bb7 7. O-O a6 8. b3 cxb3 9. Qxb3 Nf6 10. Rd1 Be7 11. Ba3 O-O 12. Nc3 Nbd7 13. Bxe7 Qxe7 14. Rac1 b4 15. a5 c5 16. dxc5 Rab8 17. Na4 Bd5 18. Qb2 Rfc8 19. h3 Nxc5 20. Nb6 Re8 21. Qxb4 Nb3 22. Qxe7 Rxe7 23. Nxd5 Nxd5 24. Rc6 Nxa5 25. Rxa6 Nc4 26. Nd4 Ree8 27. Bxd5 exd5 28. e3 h6 29. Ra7 Rb2 30. Rd7 Nb6 31. Rd6 Ra8 32. Kg2 Raa2 33. Rf1 Nc4 34. Kf3 Nxd6 0-1


[Site "https://www.chess.com"]